 Dungeon Crawl Stone Soup version 0.29-a0-330-g52719c12eb (webtiles) character file.

Game seed: 753113161518497198

132 Crownlay the Digger (level 5, 0/34 HPs)
             Began as an Octopode Earth Elementalist on May 8, 2022.
             Slain by Eustachio
             ... wielding a +2 vorpal falchion
              (2 damage)
             ... on level 4 of the Dungeon.
             The game lasted 00:05:32 (2512 turns).

Crownlay the Digger (Octopode Earth Elementalist)   Turns: 2512, Time: 00:05:33

Health: 0/34       AC:  1    Str:  8    XL:     5   Next: 15%
Magic:  0/9        EV: 13    Int: 19    God:
Gold:   28         SH:  0    Dex: 18    Spells: 5/9 levels left

rFire   . . .      SeeInvis .   o - +3 hand crossbow (freeze)
rCold   + . .      Faith    .   (no shield)
rNeg    . . .      Spirit   +   (helmet restricted)
rPois   +          Reflect  .   k - amulet of Hard Scrabble {Spirit rPois rC+ Will+}
rElec   .          Harm     .   j - +6 ring of dexterity
rCorr   .          Rampage  .   s - ring of poison resistance
Will    ++...                   t - ring of willpower
Stlth   +++.......              (no ring)
HPRegen 0.11/turn               (no ring)
MPRegen 0.11/turn               (no ring)
                                (no ring)
                                (no ring)

@: very slightly contaminated
A: almost no armour, amphibious, 8 rings, camouflage 1, gelatinous body 1,
(nimble swimmer 1), tentacles
a: no special abilities


You were on level 4 of the Dungeon.
You visited 1 branch of the dungeon, and saw 5 of its levels.

You collected 96 gold pieces.
You spent 68 gold pieces at shops.

Inventory:

Hand Weapons
 o - a +3 hand crossbow of freezing (weapon)
Missiles
 a - 95 stones
Jewellery
 j - a +6 ring of dexterity (left tentacle)
 k - the amulet of Hard Scrabble (around mantle) {Spirit rPois rC+ Will+}
   (You found it on level 2 of the Dungeon)

   [amulet of guardian spirit]

   It causes incoming damage to be divided between your reserves of health and
   magic.
   rC:        It protects you from cold.
   rPois:     It protects you from poison.
   Will:      It increases your willpower.
 s - a ring of poison resistance (right tentacle)
 t - a ring of willpower (on tentacle)
Scrolls
 d - a scroll of holy word
 g - 2 scrolls of identify
 n - a scroll of silence {unknown}
 q - a scroll of teleportation
 r - a scroll of acquirement {unknown}
 v - a scroll of vulnerability {unknown}
Potions
 b - a potion of magic
 c - a potion of resistance {unknown}
 e - 3 potions of invisibility {unknown}
 f - 2 potions of might {unknown}
 h - 2 potions of curing {unknown}
 i - 2 potions of heal wounds {unknown}
 l - a potion of flight {unknown}
 m - a potion of mutation {unknown}
 p - a potion of ambrosia {unknown}
 u - a potion of lignification {unknown}
 w - a potion of brilliance {unknown}


   Skills:
 + Level 1.7 Fighting
 - Level 2.0 Dodging
 - Level 2.6 Stealth
 + Level 2.7 Spellcasting
 + Level 1.8 Conjurations
 - Level 1.0 Transmutations
 * Level 4.2 Earth Magic


You had 5 spell levels left.
You knew the following spells:

 Your Spells              Type           Power      Damage    Failure   Level
a - Sandblast             Erth           36%        2d10      2%          1
b - Stone Arrow           Conj/Erth      28%        3d8       13%         3

Your spell library contained the following spells:

 Spells                   Type           Power      Damage    Failure   Level
 Passwall                 Tmut/Erth      10%        N/A       9%          2
 Summon Guardian Golem    Hex/Summ       2%         N/A       43%         3
 Petrify                  Tmut/Erth      12%        N/A       47%         4
 Orb of Destruction       Conj           4%         9d5       100%        7
 Spellforged Servitor     Conj/Summ      3%         N/A       100%        7


Dungeon Overview and Level Annotations

Branches:
Dungeon (5/15)
 Temple: D:4-7

Altars:
Uskayaw

Shops:
D:1 =   D:3 **

Annotations:
D:4 Dowan, Duvessa, Eustachio


Innate Abilities, Weirdness & Mutations

You cannot wear most types of armour.
You are amphibious.
You can wear up to eight rings at the same time.
Your skin changes colour to match your surroundings (Stealth+).
Your rubbery body absorbs attacks. (AC +1, EV +1)
((You are camouflaged when in or above water. (Stealth+)))
You have tentacles for arms and can constrict up to eight enemies at once.


Message History

Casting: Sandblast (safe; 2% risk of failure)
Confirm with . or Enter, or press ? or * to list all spells.
Aiming: Sandblast (safe; 2% risk of failure)
Press: ? - help, Shift-Dir - straight line, f/p - Eustachio
Aim: Eustachio, wielding a +2 vorpal falchion and wearing a +0 leather armour of cold resistance (heavily wounded, 71% to hit)
The blast of sand misses Eustachio.
The white imp hits you. The white imp freezes you. You resist.
Eustachio gestures wildly while chanting.
Casting: Sandblast (safe; 2% risk of failure)
Confirm with . or Enter, or press ? or * to list all spells.
Aiming: Sandblast (safe; 2% risk of failure)
Press: ? - help, Shift-Dir - straight line, f/p - Eustachio
Aim: Eustachio, wielding a +2 vorpal falchion and wearing a +0 leather armour of cold resistance (purple smoke, heavily wounded, 71% to hit)
The blast of sand hits Eustachio.
Eustachio is heavily wounded.
The white imp barely misses you.
Eustachio hits you with a +2 vorpal falchion!
Casting: Sandblast (safe; 2% risk of failure)
Confirm with . or Enter, or press ? or * to list all spells.
Aiming: Sandblast (safe; 2% risk of failure)
Press: ? - help, Shift-Dir - straight line, f/p - Eustachio
Aim: Eustachio, wielding a +2 vorpal falchion and wearing a +0 leather armour of cold resistance (heavily wounded, 71% to hit)
The blast of sand hits Eustachio.
Eustachio is severely wounded.
The white imp hits you. The white imp freezes you. You resist.
* * * LOW HITPOINT WARNING * * *
Eustachio mumbles some strange words.
Casting: Sandblast (safe; 2% risk of failure)
Confirm with . or Enter, or press ? or * to list all spells.
Aiming: Sandblast (safe; 2% risk of failure)
Press: ? - help, Shift-Dir - straight line, f/p - Eustachio
Aim: Eustachio, wielding a +2 vorpal falchion and wearing a +0 leather armour of cold resistance (severely wounded, 71% to hit)
You miscast Sandblast.
You are very lightly contaminated with residual magic.
Nothing appears to happen.
The quokka disappears in a puff of smoke!
The white imp closely misses you. The quokka barely misses you.
Eustachio hits you with a +2 vorpal falchion!
* * * LOW HITPOINT WARNING * * *
You die...

... ......#.# ...
##.....#.# ...
.......#.# .....
.......#.# ......
......5#.#########......
......r#...............#
..).§r@#.........).....#
....lb5@r..............#
..#######..............#
+..............#
#..............#
#..............#
#..............#
#...............
#...............
..................


You could see Eustachio, an iguana, a crimson imp (summoned), a river rat
(summoned), a white imp (summoned), 2 quokkas and a bat (summoned).

Vanquished Creatures
  An orc priest (D:3)
  3 gnolls (D:3)
  2 adders
  A worm (D:3)
  2 dart slugs
  7 orcs (D:3)
  3 endoplasms (D:2)
  A giant cockroach (D:1)
  2 hobgoblins
  A kobold (D:4)
  3 quokkas
  6 ball pythons
  4 bats
  2 frilled lizards
  4 goblins
  2 rats
44 creatures vanquished.

Notes
Turn   | Place    | Note
-------+----------+-------------------------------------------
     0 | D:1      | Crownlay the Octopode Earth Elementalist began the quest
                  | for the Orb.
     0 | D:1      | Reached XP level 1. HP: 11/11 MP: 3/3
   269 | D:1      | Found Vaalozik's Jewellery Shop.
   445 | D:1      | Reached XP level 2. HP: 17/18 MP: 5/5
   733 | D:2      | Found a hide-covered altar of Uskayaw.
   960 | D:2      | Identified the amulet of Hard Scrabble {Spirit rPois rC+
                  | Will+}
  1084 | D:2      | Reached XP level 3. HP: 19/22 MP: 4/6
  1088 | D:2      | Learned a level 3 spell: Stone Arrow
  1250 | D:2      | Reached skill level 1 in Fighting
  1250 | D:2      | Reached skill level 1 in Conjurations
  1378 | D:2      | Found a faded altar of an unknown god.
  1479 | D:3      | Found Bifomix's Assorted Antiques.
  1480 | D:3      | Identified the +1 robe "Xilom" {*Corrode rC+ Dex+7}
  1491 | D:3      | Reached XP level 4. HP: 18/28 MP: 3/7
  1603 | D:3      | Bought a scroll labelled TYLUQU WOJE for 28 gold pieces
  1603 | D:3      | Bought a scroll labelled IMOUBB TEASEPN for 28 gold pieces
  1635 | D:3      | Reached skill level 4 in Earth Magic
  1737 | D:3      | Found Ciuwniem's General Store.
  1750 | D:3      | Reached XP level 5. HP: 21/34 MP: 5/9
  1871 | D:3      | Bought a potion of degeneration for 12 gold pieces
  2232 | D:4      | You fall into a shaft and drop 1 floor!
  2232 | D:5      | Entered Level 5 of the Dungeon
  2277 | D:4      | Noticed Duvessa
  2279 | D:4      | Noticed Dowan
  2502 | D:4      | Noticed Eustachio
  2512 | D:4      | Slain by Eustachio

Illustrated notes

Levels and vault maps discovered:
D:1:      minmay_arrival_three_doors, layout_rooms, serial_shops, shop
D:2:      layout_basic, serial_rivers, chequers_serial_rivers_room_b,
          chequers_serial_rivers_marsh, chequers_serial_rivers_room_a,
          chequers_serial_rivers_micro_c, chequers_serial_rivers_small_3,
          basic_altar, hellmonk_ecumenical_altar_heavens_door
D:3:      layout_rooms, serial_shops, shop, shop
D:4:      layout_basic, st_stairs_1, minmay_quadrilaterals, uniq_eustachio,
          uniq_duvessa
D:5:      minmay_opposing_rooms, layout_loops_ring, minmay_temple_entry_waves

Skill      XL: |  1  2  3  4 |
---------------+-------------+-----
Fighting       | 1 |  1.7
Conjurations   | 1 |  1.8
Earth Magic    | 4 |  4.2
Dodging        | |  2.0
Stealth        | |  2.6
Spellcasting   | |  2.7
Transmutations | |  1.0

Action                   |  1- 3 |  4- 6 || total
-------------------------+-------+-------++-------
Melee: Unarmed           |    47 |       ||    47
       Constrict         |    19 |       ||    19
       Tentacles         |    11 |       ||    11
       Punch             |     2 |       ||     2
 Fire: Hand crossbow     |    14 |    34 ||    48
 Cast: Sandblast         |     9 |    14 ||    23
  Use: Scroll            |     3 |     1 ||     4
 Stab: Sleeping          |     4 |       ||     4
Armor: Skin              |     5 |       ||     5
Dodge: Dodged            |    36 |    15 ||    51

Table legend: (Time is in decaauts)
 A = Elapsed time spent in this place.
 B = Non-inter-level travel time spent in this place.
 C = Inter-level travel time spent in this place.
 D = Time resting spent in this place.
 E = Time spent auto-exploring this place.
 F = Levels seen in this place.
 G = Mean time per level.
                   A        B        C        D        E       F      G
               +--------+--------+--------+--------+--------+-----+--------+
         Total |   2533 |   2445 |     88 |    105 |   1948 |   5 |  506.6 |
       Dungeon |   2533 |   2445 |     88 |    105 |   1948 |   5 |  506.6 |
               +--------+--------+--------+--------+--------+-----+--------+

Top non-repeatable levels by time:
     D:3: 745 daAuts
     D:1: 714 daAuts
     D:2: 705 daAuts
     D:4: 362 daAuts
     D:5: 5 daAuts
